woodfighter, chaotic female orcish Cavewoman ---- ---------..--- |.`.`........--- |.......|`..`..| ---------|....`.| |_.'^^^^<|...`..| |(.--------.----- --....%..|.....| |..|..%.......| ---|...[|.....| ------------ woodfighter the Young Cave Woman Experience level: 6 Strength: 17 Dexterity: 13 Constitution: 18 Intelligence: 10 Wisdom: 13 Charisma: 9 Health: 0(52) Energy: 22(22) Def: 11 Gold: 0 Moves: 3868 Dungeon seed: p5qESi0ofDyfhlhn Game ID: woodfighter_1500793023 Your Inventory: Weapons a - a +1 club (weapon in hand) b - a +2 sling (alternate weapon; not wielded) Armor s - an uncursed +0 cloak of invisibility (being worn) x - an uncursed +0 elven mithril-coat (being worn) y - an uncursed +0 small shield (being worn) N - an uncursed +0 pair of high boots (being worn) T - an uncursed +2 helm of brilliance (being worn) Comestibles g - 4 uncursed food rations k - 2 uncursed sprigs of wolfsbane l - an uncursed pancake v - an uncursed lembas wafer A - an uncursed eucalyptus leaf J - 2 uncursed mangos Rings t - an uncursed ring of polymorph G - an uncursed +1 ring of gain strength Wands e - a blessed wand of secret door detection (0:12) H - a wand of light (0:14) Gems Z - 6 uncursed flints (in quiver) Spells and supernatural/magical abilities: Name Level Category Fail Memory W - pray for help -- divine ? -- Your skills at the end: Miscellaneous Skills bare handed combat [Basic] Weapon Skills scimitar [Basic] club [Basic] sling [Basic] Spellcasting Skills Final Attributes: You were piously aligned. You were fire resistant. You were poison resistant. You were telepathic. You had infravision. You were invisible. You were very stealthy. You were held by a rope golem. You are dead. Vanquished creatures: a dingo a dust vortex 2 apes 3 human zombies a wood nymph a rock piercer a pony a fog cloud 2 gnome lords 2 kobold mummies 2 red naga hatchlings a guardian naga hatchling a straw golem 2 floating eyes a kobold lord 2 rabid rats a centipede 2 jitterbugs an orc zombie 3 coyotes a large kobold 2 geckos a hobgoblin 5 giant rats 2 cave spiders 2 brown molds 2 red molds a gnome 2 gnome zombies 5 jackals 3 kobolds 4 newts a goblin 2 sewer rats 6 grid bugs 2 bats 4 lichens a kobold zombie 77 creatures vanquished. Voluntary challenges: You did not adorn yourself with jewelry or accessories. You did not cause conflict. You did not have reflection. You were not displaced. You used a wielded weapon 141 times, starting on turn 1. You did not apply a unicorn horn. You did not use plumbed fixtures. You did not drink any magical draughts. You read items or engraved 1 time, starting on turn 3741. You never genocided any monsters. You never polymorphed an object. You never changed form. You used no wishes. You never split a pudding. You never wrote Elbereth's name. You never violated your personal moral code. Dungeon overview: The Dungeons of Doom: levels 1 to 9 Level 1 an altar to Anshar, a sink a long staircase Level 2 an altar to Anshar, some fountains Level 3 an altar to Ishtar stairs to The Gnomish Mines Level 4 (locked) a fountain Level 5 some fountains Level 6 (locked) some fountains Level 7 many fountains Level 8 (unicorn) a sink stairs to Sokoban Level 9 (locked) The Gnomish Mines: Level 4 stairs to The Dungeons of Doom Sokoban: Level 7 <- You were here an altar to Ishtar, a magic chest stairs to The Dungeons of Doom History has recorded: On T:1 you entered the Dungeons of Doom to retrieve the Amulet of Yendor! On T:375 you reached level 2 of The Dungeons of Doom. On T:570 you advanced to experience level 2. On T:744 you advanced to experience level 3. On T:806 you reached level 3 of The Dungeons of Doom. On T:1213 you reached level 1 of The Gnomish Mines. On T:1275 you reached level 4 of The Dungeons of Doom. On T:1445 you reached level 5 of The Dungeons of Doom. On T:1467 you advanced to experience level 4. On T:1715 you reached level 6 of The Dungeons of Doom. On T:2182 you reached level 7 of The Dungeons of Doom. On T:2271 you advanced to experience level 5. On T:2635 you prayed to Anshar. On T:2695 you advanced to experience level 6. On T:2823 you reached level 8 of The Dungeons of Doom. On T:3303 you reached level 9 of The Dungeons of Doom. On T:3411 you reached level 4 of Sokoban. On T:3521 you prayed to Anshar. On T:3738 you opened a magic chest. On T:3867 you prayed to Anshar. Score breakdown: Gold: 0 ( 0 points) Experience: 6 levels ( 500 points) Exploration: 9 levels ( 240 points) Discoveries: 10 items ( 500 points) Variety of kills: 38 monsters ( 1900 points) Major goal: (nothing yet) ( 0 points) Survival: died (score multiplied by 3) Total score: 9420 Latest messages: There is a long staircase down here. You see here an egg. With great effort you move the boulder. You see here an egg. With great effort you move the boulder. The boulder fills a pit. You hit the rope golem. The rope golem misses. You feel more confident in your fighting skills. The rope golem claws you! You hit the rope golem. The rope golem claws you! (2x) You hit the rope golem. (2x) The rope golem claws you! (2x) You hit the rope golem! The rope golem claws you! (2x) The rope golem grabs you! You hit the rope golem! The rope golem claws you! The rope golem misses. You are being choked. You begin praying to Anshar. The rope golem misses. The rope golem claws you! You are being choked. You die... Final status: Goodbye woodfighter the Cavewoman, killed by a rope golem, while praying... You died in Sokoban on dungeon level 7 with 9420 points, and 0 pieces of gold, after 3868 moves. You were level 6 with a maximum of 52 hit points when you died.